 Dungeon Crawl Stone Soup version 0.25.1-2-g60ff931df9 (webtiles) character file.

Game seed: 14195254093106134086

15354 Talorius the Basher (level 12, -2/107 HPs)
             Began as a Minotaur Fighter on Nov 24, 2020.
             Was a High Priest of the Shining One.
             Slain by a catoblepas (5 damage)
             ... on level 11 of the Dungeon.
             The game lasted 00:30:34 (12045 turns).

Talorius the Basher (Minotaur Fighter)             Turns: 12045, Time: 00:30:34

Health: -2/107     AC: 18    Str: 34    XL:     12   Next: 0%
Magic:  11/11      EV:  9    Int:  5    God:    the Shining One [*****.]
Gold:   530        SH:  0    Dex:  9    Spells: 11/11 levels left

rFire    . . .     SeeInvis .   j - +3 flail (protect)
rCold    . . .     Gourm    .   c - +0 kite shield
rNeg     + + .     Faith    .   F - +0 plate armour
rPois    .         Spirit   .   (helmet restricted)
rElec    .         Reflect  .   (no cloak)
rCorr    .         Harm     .   i - +0 pair of gloves
MR       .....     Rnd*Tele +   r - +1 pair of boots
Stlth    ..........             (no amulet)
HPRegen  0.27/turn              A - +4 ring of evasion
MPRegen  0.12/turn              d - ring of Rocanem {*Tele *Contam Str+7 Slay+5}

@: about to teleport, petrifying (expiring), glowing, very slow
A: retaliatory headbutt, horns 2
a: Divine Shield, Cleansing Flame, Summon Divine Warrior, Renounce Religion


You were on level 11 of the Dungeon.
You worshipped the Shining One.
The Shining One was extremely pleased with you.
You were not hungry.

You visited 2 branches of the dungeon, and saw 12 of its levels.

You collected 976 gold pieces.
You spent 446 gold pieces at shops.

Inventory:

Hand Weapons
 a - a +0 flail
 j - a +3 flail of protection (weapon)
 H - a +0 whip of freezing
 J - a +0 giant spiked club
Armour
 c - a +0 kite shield (worn)
 i - a +0 pair of gloves (worn)
 r - a +1 pair of boots (worn)
 x - +0 steam dragon scales
 F - a +0 plate armour (worn)
Magical Staves
 b - an uncursed staff of air {unknown}
Jewellery
 d - the ring of Rocanem (right hand) {*Tele *Contam Str+7 Slay+5}
   (You bought it in a shop on level 4 of the Dungeon)

   [ring of teleportation]

   It may teleport you next to monsters.
   It affects your strength (+7).
   It affects your accuracy and damage with ranged weapons and melee attacks
   (+5).
   It causes magical contamination when unequipped.
 k - an uncursed ring of protection from cold
 l - an uncursed ring of fire
 v - an uncursed ring of ice
 A - a +4 ring of evasion (left hand)
Wands
 h - a wand of iceblast (5)
 t - a wand of digging (20)
 u - a wand of paralysis (6)
 w - a wand of flame (13)
 y - a wand of enslavement (13)
Scrolls
 g - 3 scrolls of enchant armour
 m - 7 scrolls of identify
 o - 3 scrolls of magic mapping
 s - a scroll of brand weapon
 B - 4 scrolls of remove curse
 C - a scroll of fear
 D - a scroll of teleportation
 E - 2 scrolls of immolation
 G - a scroll of amnesia
 I - a scroll of acquirement {unknown}
 K - a scroll of enchant weapon
Potions
 e - 3 potions of curing
 n - a potion of brilliance
 p - 3 potions of flight
 q - a potion of invisibility
Comestibles
 f - 31 rations
 z - 9 chunks of flesh


   Skills:
 + Level 10.4 Fighting
 + Level 14.6 Maces & Flails
 + Level 9.8 Armour
 + Level 4.0 Dodging
 + Level 11.5 Shields


You had 11 spell levels left.
You didn't know any spells.
Your spell library contained the following spells:

 Spells                   Type           Power        Failure   Level  Hunger
 Apportation              Tloc           #.....       99%         1    ##.....
 Corona                   Hex            #......      99%         1    ##.....
 Shock                    Conj/Air       #...         99%         1    ##.....
 Summon Butterflies       Summ           #.......     99%         1    ##.....
 Ensorcelled Hibernation  Hex/Ice        #.....       100%        2    ###....
 Swiftness                Chrm/Air       #.......     100%        2    ###....
 Confusing Touch          Hex            #.......     100%        3    ####...
 Dazzling Flash           Conj/Hex       #.....       100%        3    ####...
 Lesser Beckoning         Tloc           #.........   100%        3    ####...
 Static Discharge         Conj/Air       #.......     100%        3    ####...
 Tukima's Dance           Hex            #.......     100%        3    ####...
 Airstrike                Air            #.........   100%        4    #####..
 Alistair's Intoxication  Tmut/Pois      #.......     100%        5    ######.
 Lightning Bolt           Conj/Air       #.........   100%        5    ######.
 Invisibility             Hex            #.......     100%        6    #######


Dungeon Overview and Level Annotations

Branches:
Dungeon (11/15)            Temple (1/1) D:5             Orc (0/2) D:11
   Lair: D:8-11

Altars:
Ashenzari
Cheibriados
Dithmenos
Elyvilon
Fedhas
Gozag
Hepliaklqana
Kikubaaqudgha
Makhleb
Nemelex Xobeh
Okawaru
Qazlal
Ru
Sif Muna
Trog
Uskayaw
Vehumet
Wu Jian
Xom
Yredelemnul
Zin
The Shining One

Shops:
D:4 =   D:6 }


Innate Abilities, Weirdness & Mutations

You reflexively headbutt those who attack you in melee.
You have a pair of horns on your head.


Message History

You are engulfed in calcifying dust.
The catoblepas gores you!!
* * * LOW HITPOINT WARNING * * *
You are engulfed in calcifying dust.
The catoblepas gores you.
You are engulfed in calcifying dust.
The catoblepas gores you!
* * * LOW HITPOINT WARNING * * *
You turn to flesh and can move again.
As you read the scroll of teleportation, it crumbles to dust.
You feel strangely unstable.
You are engulfed in calcifying dust.
You are slowing down.
The catoblepas gores you.
* * * LOW HITPOINT WARNING * * *
Unknown command.
Unknown command.
Unknown command.
The catoblepas gores you!
* * * LOW HITPOINT WARNING * * *
Your limbs are stiffening.
The catoblepas closely misses you. You furiously retaliate!
You headbutt the catoblepas! The catoblepas gores you!
You die...

.<........รท####...##.......#
..................##........
.......................##...
.#..................[.......
....#........#..............
#.....[...............##....
.#.....................#...#
..........Y................#
...........@..............()
.>........................).
)..................#...# ..
>.........)##.....###.##
..#..#..#.....####...##..## #...
##........# #...#.##.#
...##....###........###....#####
...................#.......##
#...........................##


You could see a catoblepas.

Vanquished Creatures
  Fannar (D:10)
  Harold (D:9)
  2 two-headed ogres
  The ghost of SpoonFarmer the Spear-Bearer, a novice MiFi of Trog (D:5)
  Psyche (D:10)
  Maggie (D:7)
  A troll (D:11)
  A hornet (D:9)
  Grinder (D:4)
  A hippogriff (D:10)
  Sigmund (D:2)
  2 wyverns
  A wraith (D:10)
  A shadow (D:10)
  14 yaks
  3 hungry ghosts
  Edmund (D:4)
  Duvessa (D:7)
  A sky beast (D:5)
  A hornet zombie (D:10)
  2 black bears (D:6)
  6 orc warriors
  2 necrophages
  4 phantoms
  9 ogres
  10 centaurs
  3 big kobolds (D:11)
  9 bullfrogs
  5 gnoll sergeants (D:11)
  5 scorpions
  Dowan (D:7)
  4 killer bees (D:6)
  15 wights
  2 vampire bats (D:5)
  3 howler monkeys
  5 crimson imps
  A quasit (D:9)
  A bullfrog zombie (D:7)
  5 bullfrog skeletons
  4 orc priests
  5 hounds
  2 centaur skeletons
  7 jellies
  4 orc wizards
  2 iguanas
  14 worker ants
  A killer bee zombie (D:7)
  3 hound zombies
  4 hound skeletons
  A worker ant zombie (D:5)
  12 gnolls
  2 howler monkey skeletons
  14 adders
  2 shadow imps
  8 oozes
  4 adder skeletons
  An adder zombie (D:10)
  4 worms
  3 dart slugs
  10 leopard geckos
  38 orcs
  5 bat skeletons (D:5)
  A bat zombie (D:5)
  2 giant cockroaches
  5 goblins
  5 hobgoblins
  11 jackals
  3 quokkas
  10 bats
  5 frilled lizards
  16 kobolds
  A leopard gecko skeleton (D:5)
  2 quokka skeletons (D:4)
  5 rats
345 creatures vanquished.

Notes
Turn   | Place    | Note
-------+----------+-------------------------------------------
     0 | D:1      | Talorius the Minotaur Fighter began the quest for the Orb.
     0 | D:1      | Reached XP level 1. HP: 19/19 MP: 0/0
   188 | D:1      | Reached XP level 2. HP: 27/27 MP: 1/1
   671 | D:1      | Reached XP level 3. HP: 33/33 MP: 2/2
   720 | D:1      | Reached skill level 3 in Maces & Flails
  1051 | D:2      | Found a hazy altar of Hepliaklqana.
  1110 | D:2      | Noticed Sigmund
  1123 | D:2      | Killed Sigmund
  1123 | D:2      | Reached skill level 4 in Maces & Flails
  1123 | D:2      | Reached skill level 1 in Dodging
  1123 | D:2      | Reached XP level 4. HP: 17/41 MP: 3/3
  1123 | D:2      | Reached XP level 5. HP: 20/47 MP: 4/4
  1356 | D:2      | Found a shattered altar of Ashenzari.
  1356 | D:2      | Found a snail-covered altar of Cheibriados.
  1489 | D:2      | Reached skill level 5 in Maces & Flails
  1539 | D:2      | Reached XP level 6. HP: 53/53 MP: 5/5
  1766 | D:3      | Reached skill level 5 in Shields
  2481 | D:4      | Found an ornate altar of the Wu Jian Council.
  2492 | D:4      | Found a shimmering altar of Xom.
  2637 | D:4      | Reached skill level 5 in Fighting
  2637 | D:4      | Reached skill level 5 in Armour
  2649 | D:4      | Found a blossoming altar of Fedhas.
  2661 | D:4      | Reached XP level 7. HP: 59/61 MP: 6/6
  2708 | D:4      | Found a stormy altar of Qazlal.
  2751 | D:4      | Reached skill level 6 in Maces & Flails
  2780 | D:4      | Found Ruwoyck's Jewellery Boutique.
  2857 | D:4      | Noticed Grinder
  2871 | D:4      | Paralysed by Grinder for 4 turns
  2879 | D:4      | Killed Grinder
  3116 | D:4      | Noticed Edmund
  3133 | D:4      | Killed Edmund
  3133 | D:4      | Reached skill level 7 in Maces & Flails
  3133 | D:4      | Reached XP level 8. HP: 69/69 MP: 7/7
  3430 | D:5      | Entered Level 5 of the Dungeon
  3688 | D:5      | Found a staircase to the Ecumenical Temple.
  3696 | D:5      | Reached skill level 8 in Maces & Flails
  3708 | Temple   | Entered the Ecumenical Temple
  3761 | Temple   | Became a worshipper of the Shining One
  4015 | D:5      | Found a runed translucent gate.
  4015 | D:5      | Found a runed translucent gate.
  4015 | D:5      | Found a runed translucent gate.
  4019 | D:5      | Noticed SpoonFarmer's ghost (novice MiFi)
  4354 | D:5      | Found an ancient bone altar of Kikubaaqudgha.
  4354 | D:5      | Reached * piety under the Shining One
  4356 | D:5      | Reached skill level 9 in Maces & Flails
  4525 | D:6      | Reached XP level 9. HP: 75/78 MP: 8/8
  4702 | D:6      | Found a burning altar of Makhleb.
  5089 | D:6      | Reached skill level 10 in Maces & Flails
  5497 | D:6      | Found Rusto's Gadget Boutique.
  5510 | D:6      | Found a hide-covered altar of Uskayaw.
  5800 | D:7      | Noticed Maggie
  6029 | D:7      | Killed Maggie
  6117 | D:7      | Reached skill level 11 in Maces & Flails
  6158 | D:7      | Reached ** piety under the Shining One
  6274 | D:7      | Noticed Dowan
  6276 | D:7      | Noticed Duvessa
  6284 | D:7      | Killed Dowan
  6289 | D:7      | Killed Duvessa
  6350 | D:7      | You fall into a shaft and drop 3 floors!
  6350 | D:10     | Entered Level 10 of the Dungeon
  6354 | D:10     | Reached XP level 10. HP: 88/88 MP: 9/9
  6670 | D:9      | Noticed Psyche
  6697 | D:9      | Reached *** piety under the Shining One
  6720 | D:10     | Killed Psyche
  7260 | D:9      | Reached skill level 12 in Maces & Flails
  7262 | D:9      | Noticed Harold
  7281 | D:9      | Killed Harold
  7354 | D:9      | Noticed a two-headed ogre
  7365 | D:9      | Killed a two-headed ogre
  7378 | D:9      | Reached skill level 10 in Shields
  7528 | D:9      | Reached XP level 11. HP: 97/97 MP: 10/10
  7534 | D:9      | Reached skill level 13 in Maces & Flails
  7723 | D:9      | Reached **** piety under the Shining One
  8259 | D:8      | Found an iron altar of Okawaru.
  9953 | D:4      | Bought the ring of Rocanem {*Tele *Contam Str+7 Slay+5} for
                  | 446 gold pieces
 10089 | D:5      | Killed SpoonFarmer's ghost
 10664 | D:10     | Noticed Fannar
 10671 | D:10     | Killed Fannar
 10746 | D:10     | Reached ***** piety under the Shining One
 10747 | D:10     | Noticed a two-headed ogre
 10756 | D:10     | Killed a two-headed ogre
 10756 | D:10     | Reached skill level 10 in Fighting
 10756 | D:10     | Reached skill level 14 in Maces & Flails
 11268 | D:11     | Found a staircase to the Orcish Mines.
 11430 | D:11     | Noticed a catoblepas
 11879 | D:11     | Reached XP level 12. HP: 103/107 MP: 11/11
 12044 | D:11     | HP: 3/107 [catoblepas (9)]
 12045 | D:11     | Slain by a catoblepas

Illustrated notes

Levels and vault maps discovered:
D:1:      ncdulo_halloftheorcs, layout_loops_corners, minmay_tromino_v4_a
D:2:      layout_rooms, overflow_temple_1_default,
          gammafunk_temple_overflow_wave, first_ration, bh_chokoban,
          minmay_box_of_dots, uniq_sigmund
D:3:      layout_basic
D:4:      cheibrodos_old_hovel, layout_basic,
          grunt_temple_overflow_forces_of_nature, minitemple, serial_shops,
          shop_fountains, uniq_grinder, uniq_edmund
D:5:      layout_loops_ring, kennysheep_vampire_church,
          minmay_temple_entry_crystal_x, ebering_ghost_rock_garden, st_stairs_11
D:6:      layout_basic, nicolae_overflow_hidden_temple,
          eat_drink_and_be_merry_uskayaw, serial_shops,
          nicolae_shop_temple_entry_statues_fountains
D:7:      layout_basic, uniq_maggie, uniq_duvessa
D:8:      layout_basic, basic_altar, hangedman_little_slice_of_home
D:9:      minmay_polygon_palace, layout_cave_pools, minmay_holes,
          minmay_variable_closet, uniq_harold, uniq_psyche
D:10:     layout_loops_corners, uniq_fannar
D:11:     layout_layer_cave, lair_entry_dummy,
          kennysheep_orc_monster_closet_entryway
Temple:   hc_temple_tempest_star

Skill      XL: |  1  2  3  4  5  6  7  8  9 10 11 |
---------------+----------------------------------+-----
Shields        | 4 5 6 7 8 10 11 | 11.5
Fighting       | 4 5 6 7 9 10 | 10.4
Armour         | 4 5 6 7 8 9 |  9.8
Maces & Flails | 4 5 7 9 11 12 14 | 14.6
Dodging        | 1 2 3 4 |  4.0

Action                   |  1- 3 |  4- 6 |  7- 9 | 10-12 || total
-------------------------+-------+-------+-------+-------++-------
Melee: Flail             |    85 |   165 |   352 |   415 ||  1017
       Headbutt          |    15 |    15 |    67 |    82 ||   179
  Use: Potion            |       |     1 |       |    11 ||    12
       Scroll            |       |       |    10 |     5 ||    15
  Eat: Chunk             |     1 |     5 |    12 |    17 ||    35
       Ration            |       |       |       |     1 ||     1
Armor: Scale mail        |    12 |       |       |       ||    12
       Chain mail        |    32 |    96 |   115 |       ||   243
       Plate armour      |       |       |    19 |   214 ||   233
Dodge: Dodged            |    17 |    43 |    98 |   159 ||   317
Block: Kite shield       |    45 |   104 |   164 |   242 ||   555
